 Dungeon Crawl Stone Soup version 0.29.1-13-g9f3cf754e1 (webtiles) character file.

Game seed: 1262480525716777761

10474 lmSkywalker the Fighter (level 11, -9/145 HPs)
             Began as a Purple Draconian Venom Mage on Feb 10, 2023.
             Was an Elder of Trog.
             Mangled by a cyclops (21 damage)
             ... on level 11 of the Dungeon on Feb 11, 2023.
             The game lasted 00:55:23 (13915 turns).

lmSkywalker the Fighter (DrVM)                     Turns: 13915, Time: 00:55:24

Health: -9/145     AC: 15    Str: 12    XL:     11   Next: 36%
Magic:  15/15      EV: 15    Int: 17    God:    Trog [****..]
Gold:   854        SH:  0    Dex: 13    Spells: 14/15 levels left

rFire   . . .      SeeInvis .   b - +3 mace (protect)
rCold   . . .      Faith    .   (no shield)
rNeg    . . .      Spirit   .   (body armour unavailable)
rPois   .          Reflect  .   (helmet restricted)
rElec   .          Harm     .   (no cloak)
rCorr   .          Rampage  .   r - +0 pair of gloves
Will    ++...                   (no boots)
Stlth   ..........              (no amulet)
HPRegen 0.34/turn               p - ring of willpower
MPRegen 0.14/turn               u - +4 ring of slaying

@: berserking, under a protective aura, very quick
A: breathe power, AC +7, unfitting armour, cold-blooded
a: Breathe Dispelling Energy, Renounce Religion, Berserk, Trog's Hand, Brothers
in Arms


You were on level 11 of the Dungeon.
You worshipped Trog.
Trog was greatly pleased with you.
You visited 1 branch of the dungeon, and saw 11 of its levels.
You also visited: Bailey.

You collected 926 gold pieces.
You spent 72 gold pieces at shops.

Inventory:

Hand Weapons
 b - a +3 mace of protection (weapon)
 k - a +1 rapier of flaming
 J - a +7 battleaxe
 K - a +4 dire flail
Missiles
 c - 39 poisoned darts
 d - 22 boomerangs (quivered)
 F - 3 silver boomerangs
Armour
 r - a +0 pair of gloves (worn)
Jewellery
 p - a ring of willpower (left hand)
 u - a +4 ring of slaying (right hand)
 v - a ring of positive energy
Wands
 q - a wand of roots (6)
 x - a wand of charming (5)
Scrolls
 e - 2 scrolls of identify
 h - 6 scrolls of teleportation
 i - a scroll of silence {unknown}
 j - a scroll of acquirement
 l - 5 scrolls of vulnerability
 m - a scroll of fog
 s - 3 scrolls of fear
 t - 5 scrolls of enchant weapon
 w - a scroll of summoning
 y - a scroll of poison {unknown}
 A - 2 scrolls of enchant armour {unknown}
 B - 3 scrolls of immolation {unknown}
 H - 4 scrolls of blinking {unknown}
 I - 2 scrolls of magic mapping {unknown}
Potions
 a - a potion of magic
 f - 2 potions of haste
 g - 12 potions of curing
 n - 4 potions of heal wounds
 o - 5 potions of cancellation
 z - 5 potions of might
 C - 2 potions of resistance {unknown}
 D - 2 potions of mutation {unknown}
 E - a potion of lignification {unknown}


   Skills:
 - Level 9.2 Fighting
 - Level 1.9(3.1) Short Blades
 + Level 3.9(4.1) Long Blades
 - Level 8.4 Maces & Flails
 + Level 6.4 Throwing
 - Level 8.3 Dodging
 - Level 3.0 Stealth
 - Level 2.7 Spellcasting
 - Level 1.3 Transmutations
 - Level 3.1 Poison Magic
 - Level 5.0 Evocations


You had 14 spell levels left.
You knew the following spells:

 Your Spells              Type           Power      Damage    Failure   Level
a - Sting                 Tmut/Pois      40%        1d5       7%          1

Your spell library contained the following spells:

 Spells                   Type           Power      Damage    Failure   Level
 Poisonous Vapours        Pois/Air       14%        N/A       14%         2
 Mephitic Cloud           Conj/Pois/Air  5%         N/A       34%         3
 Olgreb's Toxic Radiance  Pois           13%        N/A       43%         4
 Ozocubu's Armour         Ice            2%         N/A       47%         3
 Dispersal                Tloc           1%         N/A       100%        6
 Ozocubu's Refrigeration  Ice            1%         4d7       100%        7
 Disjunction              Tloc           1%         N/A       100%        8


Dungeon Overview and Level Annotations

Branches:
Dungeon (11/15)            Temple (0/1) D:5            Lair (0/5) D:11
 Bailey (visited)
    Orc: D:9-12

Altars:
Gozag
Kikubaaqudgha
Nemelex Xobeh
Qazlal
Ru
Sif Muna
Trog
Vehumet
Wu Jian
Yredelemnul
Zin
The Shining One

Shops:
D:2 *   D:4 (   D:7 =

Annotations:
D:3 2 transporters, exclusion: hound, Ijyb; hawla's ghost, weakling MeIE
D:5 2 runed translucent doors
D:6 exclusion: water moccasin
D:9 4 runed translucent doors
D:10 3 runed translucent doors, javelincjr's ghost, journeyman TeSu


Innate Abilities, Weirdness & Mutations

You can breathe bolts of dispelling energy.
Your rich purple scales are hard. (AC +7)
You cannot fit into any form of body armour.
You are cold-blooded and may be slowed by cold attacks.


Message History

Trog accepts your kill.
You now have 854 gold pieces (gained 13).
A cyclops comes into view.
Found 2 potions of curing.
You see here a book of Blasting.
A cyclops is nearby!
Found a stone staircase leading up.
The cyclops shouts!
The cyclops throws a large rock.
The large rock hits you!! The cyclops hits you!
You hit the cyclops but do no damage.
Your weapon exudes an aura of protection.
The cyclops closely misses you.
You sock the cyclops! You tail-slap the cyclops.
The cyclops is lightly wounded.
The cyclops hits you!
You hit the cyclops but do no damage.
The cyclops is lightly wounded.
You sock the cyclops!
The cyclops is moderately wounded.
The cyclops hits you but does no damage.
You hit the cyclops.
The cyclops is heavily wounded.
You thump the cyclops!
The cyclops is severely wounded.
The cyclops hits you!
You hit the cyclops.
The cyclops is severely wounded.
The cyclops hits you!!
* * * LOW HITPOINT WARNING * * *
You hit the cyclops.
The cyclops is almost dead.
The cyclops hits you!!
* * * LOW HITPOINT WARNING * * *
A red film seems to cover your vision as you go berserk!
You feel yourself moving faster!
You feel mighty!
You thump the cyclops!
The cyclops is almost dead.
The cyclops hits you!!
You die...

..
##..#[.≈§§.§.##...##..
./.
##.##.....###.....###
#..#######.........#
#...................
#.....##..#.........
#.....#...#.........
#.<...#...#......[..
#.C...#...+.........
#..@..#####.........
#.........:.....####
#...............+
+...............#
#...............#
#...............#
......####.........
......# #....!....
...... #.........


You could see a cyclops.

Vanquished Creatures
  An orc warlord (Bailey)
  A boulder beetle (D:11)
  2 cyclopes
  A kobold demonologist (D:10)
  Grinder (D:5)
  Grum (D:8)
  A wyvern (D:9)
  14 yaks
  2 vampire mosquitoes (D:10)
  2 acid dragons
  7 orc warriors
  3 sky beasts
  3 ice beasts
  4 black bears
  2 wolves (D:8)
  A centaur (D:8)
  5 kobold brigands (D:10)
  3 bullfrogs
  A necrophage (D:6)
  3 scorpions
  4 wights (D:8)
  19 killer bees
  2 crimson imps
  5 howler monkeys
  A jelly (D:7)
  6 hounds
  7 orc priests
  Jessica (D:3)
  8 iguanas
  12 orc wizards
  5 gnolls
  8 adders
  A shadow imp (D:8)
  3 white imps
  2 ufetubi (D:6)
  3 worms
  5 dart slugs
  31 orcs
  5 ball pythons
  5 endoplasms
  3 giant cockroaches
  11 goblins
  9 hobgoblins
  2 jackals (D:4)
  23 kobolds
  6 quokkas
  7 bats
  3 frilled lizards
  A goblin skeleton (D:8)
  A goblin zombie (D:8)
  3 hobgoblin zombies (D:8)
  2 kobold zombies (D:8)
  2 orc skeletons (D:8)
  3 orc zombies (D:8)
  2 rats
269 creatures vanquished.

Vanquished Creatures (others)
  8 fungi (D:11)
  9 plants (D:11)
17 creatures vanquished.

Grand Total: 286 creatures vanquished

Notes
Turn   | Place    | Note
-------+----------+-------------------------------------------
     0 | D:1      | lmSkywalker the Draconian Venom Mage began the quest for
                  | the Orb.
     0 | D:1      | Reached XP level 1. HP: 14/14 MP: 3/3
   170 | D:1      | Reached XP level 2. HP: 15/20 MP: 0/5
   549 | D:1      | Found a faded altar of an unknown god.
   570 | D:1      | Prayed at the altar of an unknown god.
   570 | D:1      | Became a worshipper of Trog the Wrathful
   570 | D:1      | Reached * piety under Trog
   767 | D:1      | Reached XP level 3. HP: 26/26 MP: 6/6
  1239 | D:2      | Reached XP level 4. HP: 31/33 MP: 7/7
  1531 | D:2      | Found Xaal Ibe's General Store.
  1647 | D:2      | Bought a potion of curing for 36 gold pieces
  1647 | D:2      | Bought a scroll of teleportation for 36 gold pieces
  1714 | D:2      | Found a glowing silver altar of Zin.
  2208 | D:3      | Noticed Ijyb
  2309 | D:3      | Noticed Jessica
  2312 | D:3      | Killed Jessica
  2313 | D:3      | Reached skill level 1 in Fighting
  2313 | D:3      | Reached skill level 1 in Maces & Flails
  2313 | D:3      | Reached XP level 5. HP: 40/40 MP: 8/8
  2438 | D:3      | You fall into a shaft and drop 3 floors!
  2587 | D:6      | Reached skill level 2 in Fighting
  2819 | D:6      | Noticed a black bear
  2872 | D:6      | Noticed an ice beast
  2898 | D:6      | Killed an ice beast
  2899 | D:6      | Reached XP level 6. HP: 50/50 MP: 9/9
  3101 | D:5      | Entered Level 5 of the Dungeon
  3101 | D:5      | Noticed an ice beast
  3109 | D:5      | Killed an ice beast
  3110 | D:5      | Reached skill level 3 in Fighting
  3304 | D:4      | Reached ** piety under Trog
  3453 | D:3      | Found a transporter.
  3456 | D:3      | Noticed hawla's ghost (weakling MeIE)
  3472 | D:3      | Your scales start taking on a rich purple colour.
  3472 | D:3      | Reached XP level 7. HP: 57/57 MP: 11/11
  3583 | D:3      | Found a transporter.
  3927 | D:4      | Found a sparkling altar of Nemelex Xobeh.
  4003 | D:4      | Reached skill level 1 in Evocations
  4021 | D:4      | Found Linuedoa's Antique Weapon Shop.
  4207 | D:4      | Reached skill level 4 in Fighting
  4490 | D:5      | Found a staircase to the Ecumenical Temple.
  4558 | D:5      | Found a shimmering blue altar of Sif Muna.
  4592 | D:5      | Found a runed translucent door.
  4593 | D:5      | Found a runed translucent door.
  4656 | D:5      | Noticed Grinder
  4668 | D:5      | Killed Grinder
  4669 | D:5      | Reached skill level 5 in Dodging
  4669 | D:5      | Reached XP level 8. HP: 67/67 MP: 12/12
  4712 | D:5      | Found a bloodstained altar of Trog.
  4982 | D:5      | Reached skill level 5 in Fighting
  6155 | D:6      | Reached skill level 5 in Maces & Flails
  6370 | D:7      | Found Edgh's Jewellery Shoppe.
  6532 | D:7      | Reached skill level 6 in Fighting
  6758 | D:7      | Reached XP level 9. HP: 75/75 MP: 13/13
  7085 | D:8      | Found a glowing golden altar of the Shining One.
  7111 | D:8      | Reached *** piety under Trog
  7154 | D:8      | Reached skill level 5 in Evocations
  7303 | D:8      | Found a flagged portal.
  7321 | Bailey   | Entered a bailey
  7350 | Bailey   | Noticed an orc warlord
  7526 | Bailey   | Reached skill level 7 in Fighting
  7818 | Bailey   | Reached skill level 1 in Throwing
  8067 | Bailey   | Found a runed translucent gate.
  8069 | Bailey   | Found a runed translucent gate.
  8123 | Bailey   | Found a runed translucent gate.
  8156 | Bailey   | Killed an orc warlord
  8398 | D:8      | Found an ornate altar of the Wu Jian Council.
  8484 | D:8      | Reached XP level 10. HP: 88/88 MP: 14/14
  8585 | D:8      | Noticed Grum
  8611 | D:8      | Killed Grum
  8612 | D:8      | Reached skill level 8 in Fighting
  8693 | D:8      | Found a stormy altar of Qazlal.
  9588 | D:9      | Found a glowing silver altar of Zin.
  9591 | D:9      | Found a radiant altar of Vehumet.
  9594 | D:9      | Found an ancient bone altar of Kikubaaqudgha.
  9597 | D:9      | Found a basalt altar of Yredelemnul.
  9791 | D:9      | Noticed a cyclops
  9831 | D:9      | Killed a cyclops
  9832 | D:9      | Reached skill level 9 in Fighting
 10224 | D:9      | Found an opulent altar of Gozag.
 10405 | D:9      | Found a huge runed translucent gate.
 10405 | D:9      | Found a huge runed translucent gate.
 10405 | D:9      | Found a huge runed translucent gate.
 10406 | D:9      | Found a huge runed translucent gate.
 10406 | D:9      | Noticed a manticore
 10406 | D:9      | Noticed a death yak
 10784 | D:10     | Entered Level 10 of the Dungeon
 11104 | D:10     | Reached skill level 1 in Short Blades
 11137 | D:10     | Reached **** piety under Trog
 11138 | D:10     | Reached skill level 5 in Throwing
 11234 | D:10     | Found a sacrificial altar of Ru.
 11242 | D:10     | Reached XP level 11. HP: 97/97 MP: 15/15
 11748 | D:10     | Found a runed translucent gate.
 11748 | D:10     | Found a runed translucent gate.
 11749 | D:10     | Noticed a two-headed ogre
 11757 | D:10     | Found a runed translucent gate.
 11759 | D:10     | Noticed javelincjr's ghost (journeyman TeSu)
 11759 | D:10     | Noticed a two-headed ogre
 11815 | D:10     | Reached skill level 1 in Long Blades
 12509 | D:11     | Noticed a boulder beetle
 12524 | D:11     | Found a staircase to the Lair.
 13254 | D:11     | Killed a boulder beetle
 13616 | D:11     | Noticed a two-headed ogre
 13915 | D:11     | Mangled by a cyclops

Illustrated notes

Levels and vault maps discovered:
D:1:      giann_bridges, layout_basic, chequers_ecumenical_altar_simple
D:2:      layout_basic, basic_altar, serial_shops, nicolae_shop_window_shopping,
          minmay_indecisive_spiral
D:3:      layout_loops_ring, gammafunk_ghost_arena, uniq_jessica, uniq_ijyb
D:4:      layout_basic, nemelex_diamond_rough_becter, serial_shops,
          nicolae_shop_stone
D:5:      lemuel_insect_pit, layout_gridville, bloody_trog,
          lemuel_crystal_altar, temple_pool_b, grunt_decor_junction,
          uniq_grinder
D:6:      layout_gridville, minmay_misc_feat_nine_boxes
D:7:      layout_basic, serial_shops, nicolae_shop_hallway_plus
D:8:      minmay_skewed_foursquare, layout_loops_ring, lemuel_tele_altar,
          nicolae_tso_besieged_by_evil, lemuel_round_altar, enter_bailey_7,
          uniq_grum
D:9:      lemuel_bear_cage, layout_gridville, kennysheep_mini,
          grunt_temple_overflow_cloverleaf, minmay_sticks_and_stones
D:10:     layout_loops_corners, nicolae_ru_great_annihilating_truth,
          gammafunk_ghost_split, eino_jars
D:11:     layout_gridville, grunt_lair_entry_orc_guard_hut,
          minmay_fire_ice_demons

Skill      XL: |  1  2  3  4  5  6  7  8  9 10 11 |
---------------+----------------------------------+-----
Stealth        | 2 3 |  3.0
Dodging        | 2 3 4 5 6 7 8 |  8.3
Fighting       | 1 2 3 4 6 7 9 |  9.2
Maces & Flails | 1 2 3 4 5 7 8 |  8.4
Evocations     | 2 4 5 |  5.0
Throwing       | 2 5 6 |  6.4
Short Blades   | 1 |  1.9
Long Blades    | 3 |  3.9
Spellcasting   | |  2.7
Transmutations | |  1.3
Poison Magic   | |  3.1

Action                   |  1- 3 |  4- 6 |  7- 9 | 10-12 || total
-------------------------+-------+-------+-------+-------++-------
Melee: Mace              |    73 |   131 |   347 |   390 ||   941
       Unarmed           |     8 |       |       |       ||     8
       Tailslap          |    14 |    17 |    54 |    53 ||   138
       Punch             |       |     2 |    13 |     9 ||    24
Throw: Dart              |       |     3 |       |    10 ||    13
       Boomerang         |       |     6 |    32 |    24 ||    62
 Cast: Sting             |    10 |       |       |       ||    10
Invok: Berserk           |     2 |     4 |     4 |     5 ||    15
       Trog's Hand       |       |       |     3 |     5 ||     8
 Abil: Breathe Dispellin |       |       |       |     1 ||     1
Evoke: Wand              |       |       |       |     1 ||     1
  Use: Scroll            |       |     1 |     8 |     2 ||    11
       Potion            |       |       |     3 |       ||     3
 Stab: Sleeping          |     2 |     5 |     8 |     4 ||    19
       Paralysed         |       |       |       |     2 ||     2
       Distracted        |       |       |       |     1 ||     1
Armor: Skin              |    27 |    49 |   120 |   120 ||   316
Dodge: Dodged            |    50 |    89 |   247 |   287 ||   673
